 Dungeon Crawl Stone Soup version 0.19.1 (webtiles) character file.

336 Ijustatesigmund the Skirmisher (level 6, -1/58 HPs)
             Began as a Minotaur Monk on Nov 28, 2016.
             Slain by Duvessa
             ... wielding a +2 short sword of holy wrath
              (13 damage)
             ... on level 4 of the Dungeon.
             The game lasted 00:06:39 (2391 turns).

Ijustatesigmund the Skirmisher (Minotaur Monk)      Turns: 2391, Time: 00:06:40

Health: -1/58      AC:  9    Str: 15    XL:     6   Next: 28%
Magic:  14/14      EV:  7    Int:  7    God:
Gold:   156        SH:  0    Dex: 15    Spells: 0 memorised, 5 levels left

rFire  . . .     SeeInvis .     l - +0 war axe
rCold  . . .     Gourm    +     o - +0 chain mail
rNeg   . . .     Faith    .     (no shield)
rPois  .         Spirit   .     (helmet restricted)
rElec  .         Reflect  .     a - +0 cloak
rCorr  .         Harm     .     (no gloves)
MR     .....                    (no boots)
Stlth  ..........               n - amulet of the gourmand
                                (no ring)
                                h - ring of magical power

@: no status effects
A: retaliatory headbutt, horns 2
a: no special abilities


You were on level 4 of the Dungeon.
You were full.

You visited 1 branch of the dungeon, and saw 4 of its levels.

You collected 156 gold pieces.

Inventory:

Hand Weapons
 l - a +0 war axe (weapon)
Armour
 a - a +0 cloak (worn)
 o - a +0 chain mail (worn)
Jewellery
 h - a ring of magical power (left hand)
 n - an amulet of the gourmand (around neck)
Wands
 p - a wand of random effects (25/48)
 q - a wand of flame (27/48)
Scrolls
 m - 2 scrolls of magic mapping
Potions
 d - a potion of curing
 e - a potion of flight
 f - a potion of might
 g - 2 potions of degeneration {unknown}
 i - a potion of ambrosia {unknown}
 j - a potion of brilliance {unknown}
 k - 3 potions of magic {unknown}
 r - a potion of invisibility {unknown}
Comestibles
 b - a slice of pizza
 c - 3 bread rations


   Skills:
 + Level 6.5 Fighting
 + Level 6.3 Axes
 + Level 1.6 Armour
 - Level 3.2 Dodging
 - Level 1.5 Stealth


You had 5 spell levels left.
You didn't know any spells.

Dungeon Overview and Level Annotations

Branches:
Dungeon (4/15)
 Temple: D:4-7

Altars:
Okawaru

Annotations:
D:4 Duvessa


Innate Abilities, Weirdness & Mutations

You reflexively headbutt those who attack you in melee.
You have a pair of horns on your head.


Message History

You slash Dowan!
You kill Dowan!
Duvessa screams in rage.
Duvessa goes berserk!
You barely miss Duvessa. Duvessa barely misses you.
Duvessa hits you with a short sword of holy wrath!
Your chain mail prevents you from hitting Duvessa.
You hit the worm. Duvessa hits you but does no damage.
Duvessa hits you with a short sword of holy wrath!
The worm bites you but does no damage.
You slash Duvessa! You headbutt Duvessa!
Duvessa is moderately wounded.
You completely miss the worm. Duvessa hits you but does no damage.
Your chain mail prevents you from hitting Duvessa.
Your headbutt misses Duvessa.
Duvessa is moderately wounded.
You hit the worm.
Duvessa hits you with a short sword of holy wrath!
* * * LOW HITPOINT WARNING * * *
Duvessa hits you with a short sword of holy wrath!
You die...

### (..##### #
#
#...!%.###.#.#
#......[..#
#......#
#e@....#
#....).w...#
#...........#
#...........#
?.)....######
...#...
...#### ..


You could see Duvessa (berserk) and a worm.

Vanquished Creatures
  A water moccasin zombie (D:3)
  Dowan (D:4)
  An orc priest (D:3)
  Crazy Yiuf (D:2)
  An orc wizard (D:3)
  4 gnolls (D:3)
  2 adders
  An ooze (D:2)
  2 worms
  A dart slug (D:1)
  3 leopard geckos
  3 orcs (D:3)
  3 ball pythons
  5 giant cockroaches
  11 goblins
  9 hobgoblins
  6 jackals
  5 bats
  8 frilled lizards
  8 kobolds
  6 rats
82 creatures vanquished.

Notes
Turn   | Place    | Note
-------+----------+-------------------------------------------
     0 | D:1      | Ijustatesigmund the Minotaur Monk began the quest for the Orb.
     0 | D:1      | Reached XP level 1. HP: 19/19 MP: 0/0
   248 | D:1      | Reached XP level 2. HP: 27/27 MP: 1/1
   616 | D:2      | Reached XP level 3. HP: 23/34 MP: 2/2
   852 | D:2      | Found an iron altar of Okawaru.
  1255 | D:2      | Reached skill level 5 in Fighting
  1325 | D:2      | Reached XP level 4. HP: 42/42 MP: 3/3
  1478 | D:2      | Found a runed door.
  1482 | D:2      | Noticed Crazy Yiuf
  1489 | D:2      | Killed Crazy Yiuf
  1489 | D:2      | Reached skill level 5 in Axes
  1757 | D:3      | Reached XP level 5. HP: 23/48 MP: 4/4
  2354 | D:3      | Reached skill level 1 in Armour
  2354 | D:3      | Reached XP level 6. HP: 46/58 MP: 5/5
  2383 | D:4      | Noticed Duvessa
  2383 | D:4      | Noticed Dowan
  2388 | D:4      | Killed Dowan
  2391 | D:4      | Slain by Duvessa

Skill      XL: |  1  2  3  4  5 |
---------------+----------------+-----
Fighting       | 4 5 6 |  6.5
Axes           | 4 5 6 |  6.3
Armour         | 1 |  1.6
Dodging        | |  3.2
Stealth        | |  1.5

Action                   |  1- 3 |  4- 6 || total
-------------------------+-------+-------++-------
Melee: Hand axe          |    71 |       ||    71
       Headbutt          |    11 |    13 ||    24
       War axe           |    20 |    95 ||   115
  Use: Potion            |     1 |       ||     1
       Scroll            |     4 |     6 ||    10
  Eat: Chunk             |     1 |    11 ||    12
Armor: Leather armour    |    15 |       ||    15
       Robe              |     2 |       ||     2
       Ring mail         |     9 |     4 ||    13
       Chain mail        |       |    69 ||    69
Dodge: Dodged            |    62 |    41 ||   103
